ABL
WESTS TIGERS @ ST. KILDA SAINTS
06/04/2022
 
TOP OF THE 1ST
Wests Tigers batting - Pitching for St. Kilda Saints : RHP Darren Anderson
Pitching: RHP Darren Anderson
Batting: RHB Luke Fowke 0-0: Swinging Strike
0-1: Ball
1-1: Ball
2-1: Fly out, F6 (Line Drive, 6, EV 68.1 MPH)
Batting: RHB Joel Farrell 0-0: Ball
1-0: Ball
2-0: Called Strike
2-1: Fly out, F3 (Popup, 34S, EV 73.1 MPH)
Batting: LHB Greyson Leeder 0-0: Called Strike
0-1: Fly out, F6 (Popup, 6, EV 77.5 MPH)
Top of the 1st over - 0 runs, 0 hits, 0 errors, 0 left on base; Wests 0 - St. Kilda 0
BOTTOM OF THE 1ST
St. Kilda Saints batting - Pitching for Wests Tigers : RHP Steven Webster
Pitching: RHP Steven Webster
Batting: RHB Graeme Coverdale 0-0: Ball
1-0: Ball
2-0: Called Strike
2-1: Ball
3-1: Foul Ball, location: 2F
3-2: Strikes out swinging
Batting: RHB Ron Corney 0-0: Ball
1-0: Called Strike
1-1: Ground out 5-3 (Groundball, 5, EV 92.5 MPH)
Batting: RHB Billy Rigden 0-0: DOUBLE (Groundball, 3D, EV 102.5 MPH)
Batting: LHB Joe Coate 0-0: Ball
1-0: Called Strike
1-1: Ball
2-1: Fly out, F9 (Flyball, 89S, EV 88.1 MPH)
Bottom of the 1st over - 0 runs, 1 hit, 0 errors, 1 left on base; Wests 0 - St. Kilda 0
TOP OF THE 2ND
Wests Tigers batting - Pitching for St. Kilda Saints : RHP Darren Anderson
Batting: LHB Daniel Bryan 0-0: Called Strike
0-1: Foul Ball, location: 7LMF
0-2: Foul Ball, location: 2F
0-2: Ball
1-2: Foul Ball, location: 2F
1-2: Foul Ball, location: 2F
1-2: Ground out U3 (Groundball, 3, EV 85.6 MPH)
Batting: RHB Joe Minto 0-0: Ball
1-0: Foul Ball, location: 2F
1-1: Swinging Strike
1-2: Foul Ball, location: 25F
1-2: Foul Ball, location: 9LSF
1-2: Fly out, F9 (Flyball, 9, EV 85.0 MPH)
Batting: LHB Rapata Kaulo 0-0: Ball
1-0: Foul Ball, location: 7LMF
1-1: Swinging Strike
1-2: Foul Ball, location: 2F
1-2: Ball
2-2: Foul Ball, location: 5FF
2-2: Foul Ball, location: 2F
2-2: Ground out 4-3 (Groundball, 4, EV 85.6 MPH)
Top of the 2nd over - 0 runs, 0 hits, 0 errors, 0 left on base; Wests 0 - St. Kilda 0
BOTTOM OF THE 2ND
St. Kilda Saints batting - Pitching for Wests Tigers : RHP Steven Webster
Batting: SHB Rickie Rowles 0-0: Foul Ball, location: 25F
0-1: Ball
1-1: Swinging Strike
1-2: Foul Ball, location: 2F
1-2: Foul Ball, location: 2F
1-2: Strikes out swinging
Batting: RHB Jonathan Langlands 0-0: Called Strike
0-1: Ball
1-1: Foul Ball, location: 3SF
1-2: Ball
2-2: Foul Ball, location: 9LSF
2-2: SINGLE (Groundball, 6MD, EV 103.1 MPH)
Batting: LHB Sonny Crosby 0-0: Ball
1-0: Fly out, F8 (Flyball, 8RM, EV 94.4 MPH)
Batting: LHB Tim Crashaw 0-0: Ball
1-0: 2-RUN HOME RUN (Flyball, 89XD, EV 105.0 MPH), Distance : 401 ft
Batting: SHB Darren Anderson 0-0: Ball
1-0: Ball
2-0: SINGLE (Groundball, 4M, EV 86.9 MPH)
Batting: RHB Graeme Coverdale 0-0: Ball
1-0: Ball
2-0: Called Strike
2-1: Ground out 1-3 (Groundball, 25, EV 71.3 MPH)
Bottom of the 2nd over - 2 runs, 3 hits, 0 errors, 1 left on base; Wests 0 - St. Kilda 2
TOP OF THE 3RD
Wests Tigers batting - Pitching for St. Kilda Saints : RHP Darren Anderson
Batting: RHB Shane Esmond 0-0: Ball
1-0: Foul Ball, location: 3DF
1-1: Ball
2-1: Called Strike
2-2: Foul Ball, location: 2RF
2-2: SINGLE (Line Drive, 3D, EV 99.4 MPH)
Batting: RHB Paul Llewellyn 0-0: Ball
1-0: Ball
2-0: Called Strike
2-1: Ball
3-1: Fielders Choice at 2nd, 4-6 (Groundball, 4, EV 91.9 MPH)
Batting: RHB Steven Webster 0-0: Bunted foul
0-1: Bunted foul
0-2: Ball
1-2: Sac Bunt to 2L - play at first, batter OUT! 2-3
Paul Llewellyn to second
Batting: RHB Luke Fowke 0-0: Swinging Strike
0-1: SINGLE (Line Drive, 9S, EV 98.1 MPH)
Paul Llewellyn to third
Batting: RHB Joel Farrell 0-0: Called Strike
0-1: Swinging Strike
0-2: Ball
1-2: Foul Ball, location: 2F
1-2: Strikes out swinging
Top of the 3rd over - 0 runs, 2 hits, 0 errors, 2 left on base; Wests 0 - St. Kilda 2
BOTTOM OF THE 3RD
St. Kilda Saints batting - Pitching for Wests Tigers : RHP Steven Webster
Batting: RHB Ron Corney 0-0: Ground out 5-3 (Groundball, 5L, EV 80.6 MPH)
Batting: RHB Billy Rigden 0-0: Ball
1-0: Called Strike
1-1: Foul Ball, location: 3F
1-2: Foul Ball, location: 5FF
1-2: Ball
2-2: Fly out, F5 (Popup, 25F, EV 83.8 MPH)
Batting: LHB Joe Coate 0-0: Ball
1-0: Reached on error, E6 (Groundball, 6, EV 81.3 MPH)
Batting: SHB Rickie Rowles 0-0: Called Strike
0-1: Ground out 4-3 (Groundball, 34, EV 102.5 MPH)
Bottom of the 3rd over - 0 runs, 0 hits, 1 error, 1 left on base; Wests 0 - St. Kilda 2
TOP OF THE 4TH
Wests Tigers batting - Pitching for St. Kilda Saints : RHP Darren Anderson
Batting: LHB Greyson Leeder 0-0: Ball
1-0: Ball
2-0: Called Strike
2-1: Fly out, F2 (Popup, 25F, EV 91.9 MPH)
Batting: LHB Daniel Bryan 0-0: Ball
1-0: Ball
2-0: Called Strike
2-1: Foul Ball, location: 2F
2-2: Fly out, F7 (Line Drive, 7S, EV 83.8 MPH)
Batting: RHB Joe Minto 0-0: Called Strike
0-1: Swinging Strike
0-2: Ball
1-2: Ball
2-2: Ball
3-2: Ground out U3 (Groundball, 34S, EV 84.4 MPH)
Top of the 4th over - 0 runs, 0 hits, 0 errors, 0 left on base; Wests 0 - St. Kilda 2
BOTTOM OF THE 4TH
St. Kilda Saints batting - Pitching for Wests Tigers : RHP Steven Webster
Batting: RHB Jonathan Langlands 0-0: Ball
1-0: Foul Ball, location: 2F
1-1: Called Strike
1-2: Ball
2-2: Strikes out looking
Batting: LHB Sonny Crosby 0-0: Ball
1-0: Ball
2-0: Ball
3-0: Called Strike
3-1: Base on Balls
Batting: LHB Tim Crashaw 0-0: Ball
1-0: Ball
2-0: Ball
3-0: Base on Balls
Sonny Crosby to second
Batting: SHB Darren Anderson 0-0: Bunted foul
0-1: Bunted foul
0-2: Sac Bunt to 13 - play at first, batter OUT! 1-4
Sonny Crosby to third
Tim Crashaw to second
Batting: RHB Graeme Coverdale 0-0: Ball
1-0: Ball
2-0: SINGLE (Line Drive, 34, EV 96.9 MPH)
Sonny Crosby scores
Tim Crashaw to third
Runner from 3rd tries for Home, SAFE, throw by RF to home
Batting: RHB Ron Corney 0-0: Foul Ball, location: 9LMF
0-1: Foul Ball, location: 9LMF
0-2: Ball
1-2: Fly out, F9 (Line Drive, 9LM, EV 85.6 MPH)
Bottom of the 4th over - 2 runs, 1 hit, 0 errors, 1 left on base; Wests 0 - St. Kilda 4
TOP OF THE 5TH
Wests Tigers batting - Pitching for St. Kilda Saints : RHP Darren Anderson
Batting: LHB Rapata Kaulo 0-0: Called Strike
0-1: Ball
1-1: Foul Ball, location: 3F
1-2: Ball
2-2: Ball
3-2: Ground out 4-3 (Groundball, 4, EV 85.6 MPH)
Batting: RHB Shane Esmond 0-0: Ball
1-0: Called Strike
1-1: Ball
2-1: Swinging Strike
2-2: Ball
3-2: Foul Ball, location: 2F
3-2: Foul Ball, location: 2F
3-2: Foul Ball, location: 9LSF
3-2: Strikes out looking
Batting: RHB Paul Llewellyn 0-0: Ground out U3 (Groundball, 13, EV 92.5 MPH)
Top of the 5th over - 0 runs, 0 hits, 0 errors, 0 left on base; Wests 0 - St. Kilda 4
BOTTOM OF THE 5TH
St. Kilda Saints batting - Pitching for Wests Tigers : RHP Steven Webster
Batting: RHB Billy Rigden 0-0: Ball
1-0: Ball
2-0: Ball
3-0: Called Strike
3-1: Ground out 6-3 (Groundball, 6M, EV 88.8 MPH)
Batting: LHB Joe Coate 0-0: Ball
1-0: SINGLE (Groundball, 15S, EV 62.5 MPH) (infield hit)
Batting: SHB Rickie Rowles 0-0: Ball
1-0: Ball
2-0: Swinging Strike
2-1: SINGLE (Line Drive, 3D, EV 105.0 MPH)
Joe Coate to second
Batting: RHB Jonathan Langlands 0-0: Swinging Strike
0-1: Called Strike
0-2: Ground out 6-3 (Groundball, P, EV 88.1 MPH)
Joe Coate to third
Rickie Rowles to second
Batting: LHB Sonny Crosby 0-0: Ball
1-0: DOUBLE (Groundball, 3L, EV 101.9 MPH)
Joe Coate scores
Rickie Rowles scores
Pitching: RHP Keith Fooks
Batting: LHB Tim Crashaw 0-0: Foul Ball, location: 2LF
0-1: Foul Ball, location: 2F
0-2: Foul Ball, location: 7LDF
0-2: Ball
1-2: Fly out, F3 (Line Drive, 3, EV 67.5 MPH)
Bottom of the 5th over - 2 runs, 3 hits, 0 errors, 1 left on base; Wests 0 - St. Kilda 6
TOP OF THE 6TH
Wests Tigers batting - Pitching for St. Kilda Saints : RHP Darren Anderson
Pinch Hitting: LHB Graeme Sayer 0-0: Foul Ball, location: 7LDF
0-1: Ball
1-1: Fly out, F8 (Flyball, 78D, EV 96.9 MPH)
Batting: RHB Luke Fowke 0-0: Called Strike
0-1: Foul Ball, location: 5FF
0-2: Foul Ball, location: 7LMF
0-2: Ball
1-2: Strikes out swinging
Batting: RHB Joel Farrell 0-0: Ball
1-0: Foul Ball, location: 2F
1-1: Called Strike
1-2: Ball
2-2: Foul Ball, location: 9LDF
2-2: Fly out, F8 (Flyball, 8RD, EV 94.4 MPH)
Top of the 6th over - 0 runs, 0 hits, 0 errors, 0 left on base; Wests 0 - St. Kilda 6
BOTTOM OF THE 6TH
St. Kilda Saints batting - Pitching for Wests Tigers : RHP Keith Fooks
Pitching: RHP Steve Snijders
Batting: SHB Darren Anderson 0-0: Called Strike
0-1: Ground out 4-3 (Groundball, 4, EV 85.0 MPH)
Batting: RHB Graeme Coverdale 0-0: Ball
1-0: SINGLE (Groundball, 34D, EV 103.8 MPH)
Batting: RHB Ron Corney 0-0: Foul Ball, location: 9LMF
0-1: Fielders Choice at 2nd, 3-6 (Groundball, 3, EV 100.6 MPH)
Batting: RHB Billy Rigden 0-0: Ball
1-0: TRIPLE (Line Drive, 89XD, EV 103.8 MPH)
Ron Corney scores
Batting: LHB Joe Coate 0-0: Ball
1-0: Ball
2-0: Called Strike
2-1: Ball
3-1: Foul Ball, location: 2F
3-2: Foul Ball, location: 5SF
3-2: Base on Balls
Batting: SHB Rickie Rowles 0-0: Called Strike
0-1: Called Strike
0-2: Ball
1-2: Ball
2-2: Ball
3-2: Strikes out swinging
Bottom of the 6th over - 1 run, 2 hits, 0 errors, 2 left on base; Wests 0 - St. Kilda 7
TOP OF THE 7TH
Wests Tigers batting - Pitching for St. Kilda Saints : RHP Darren Anderson
Batting: LHB Greyson Leeder 0-0: Ball
1-0: Fly out, F4 (Popup, 4S, EV 83.8 MPH)
Batting: LHB Daniel Bryan 0-0: Foul Ball, location: 3F
0-1: Ball
1-1: Ball
2-1: Ball
3-1: Foul Ball, location: 2F
3-2: Ground out 6-3 (Groundball, 6M, EV 78.8 MPH)
Batting: RHB Joe Minto 0-0: Swinging Strike
0-1: Fly out, F8 (Flyball, 8LM, EV 81.3 MPH)
Top of the 7th over - 0 runs, 0 hits, 0 errors, 0 left on base; Wests 0 - St. Kilda 7
BOTTOM OF THE 7TH
St. Kilda Saints batting - Pitching for Wests Tigers : RHP Steve Snijders
Batting: RHB Jonathan Langlands 0-0: Called Strike
0-1: Ball
1-1: Ground out 3-1 (Groundball, 34, EV 85.0 MPH)
Batting: LHB Sonny Crosby 0-0: Swinging Strike
0-1: Foul Ball, location: 2F
0-2: Ball
1-2: SINGLE (Line Drive, 3L, EV 105.6 MPH)
Batting: LHB Tim Crashaw 0-0: Called Strike
0-1: Ball
1-1: Ball
2-1: Swinging Strike
2-2: Strikes out swinging
Batting: SHB Darren Anderson 0-0: Ball
1-0: Foul Ball, location: 7LMF
1-1: Fly out, F8 (Flyball, 78D, EV 96.3 MPH)
Bottom of the 7th over - 0 runs, 1 hit, 0 errors, 1 left on base; Wests 0 - St. Kilda 7
TOP OF THE 8TH
Wests Tigers batting - Pitching for St. Kilda Saints : RHP Darren Anderson
Pitching: RHP Clint Brackenreg
Batting: LHB Rapata Kaulo 0-0: Ball
1-0: Foul Ball, location: 23F
1-1: Ball
2-1: Ball
3-1: Base on Balls
Batting: RHB Shane Esmond 0-0: Ball
1-0: Swinging Strike
1-1: SINGLE (Groundball, 56, EV 83.1 MPH) (infield hit)
Rapata Kaulo to second
Pinch Hitting: LHB Jim Heaver 0-0: Foul Ball, location: 3F
0-1: Swinging Strike
0-2: Strikes out looking
Pinch Hitting: RHB Daniel Gadd 0-0: Called Strike
0-1: Ball
1-1: SINGLE (Groundball, 34D, EV 96.3 MPH)
Rapata Kaulo to third
Shane Esmond to second
Batting: RHB Luke Fowke 0-0: Ball
1-0: Ball
2-0: Fly out, F8 (Line Drive, 8LM, EV 86.9 MPH)
Batting: RHB Joel Farrell 0-0: Foul Ball, location: 9LDF
0-1: DOUBLE (Line Drive, 89D, EV 103.8 MPH)
Rapata Kaulo scores
Shane Esmond scores
Daniel Gadd to third
Runner from 3rd tries for Home, SAFE, throw by RF to trailing runner, SAFE at third!
Pitching: RHP Brad Patel
Batting: LHB Greyson Leeder 0-0: Called Strike
0-1: Called Strike
0-2: Ball
1-2: Ball
2-2: Strikes out swinging
Top of the 8th over - 3 runs, 3 hits, 0 errors, 1 left on base; Wests 3 - St. Kilda 7
BOTTOM OF THE 8TH
St. Kilda Saints batting - Pitching for Wests Tigers : RHP Steve Snijders
Pitching: RHP David Goddard
Now at 3B: Seth Carmichael
Batting: RHB Graeme Coverdale 0-0: Ball
1-0: Ball
2-0: Ball
3-0: Base on Balls
Batting: RHB Ron Corney 0-0: Called Strike
0-1: Ball
1-1: Ball
2-1: Swinging Strike
2-2: Ball
3-2: Base on Balls
Graeme Coverdale to second
Batting: RHB Billy Rigden 0-0: Called Strike
0-1: Ball
1-1: Ball
2-1: Swinging Strike
2-2: SINGLE (Groundball, 4MD, EV 103.8 MPH) (infield hit)
Graeme Coverdale to third
Ron Corney to second
Batting: LHB Joe Coate 0-0: Ball
1-0: Called Strike
1-1: Called Strike
1-2: Ball
2-2: Strikes out swinging
Batting: SHB Rickie Rowles 0-0: Ball
1-0: Fly out, F6 (Popup, 4M, EV 56.9 MPH)
Batting: RHB Jonathan Langlands 0-0: Foul Ball, location: 5FF
0-1: Fly out, F8 (Flyball, 8LD, EV 93.1 MPH)
Bottom of the 8th over - 0 runs, 1 hit, 0 errors, 3 left on base; Wests 3 - St. Kilda 7
TOP OF THE 9TH
Wests Tigers batting - Pitching for St. Kilda Saints : RHP Brad Patel
Batting: LHB Daniel Bryan 0-0: Ball
1-0: Called Strike
1-1: Ball
2-1: Ground out 4-3 (Groundball, 4, EV 100.0 MPH)
Batting: RHB Joe Minto 0-0: Ball
1-0: Ball
2-0: Ball
3-0: Called Strike
3-1: Fly out, F8 (Flyball, 89S, EV 88.1 MPH)
Batting: LHB Rapata Kaulo 0-0: Ball
1-0: Ball
2-0: Foul Ball, location: 5F
2-1: DOUBLE (Flyball, 8LXD, EV 110.0 MPH)
Batting: RHB Shane Esmond 0-0: Ball
1-0: Foul Ball, location: 2F
1-1: Called Strike
1-2: Fly out, F7 (Flyball, 7, EV 75.6 MPH)
Top of the 9th over - 0 runs, 1 hit, 0 errors, 1 left on base; Wests 3 - St. Kilda 7
Sunday, May 5th , 2024 - OOTP Baseball 24.9 Build 80